 Dungeon Crawl Stone Soup version 0.20.1-1-g8b1a95d (webtiles) character file.

263 letownia2 the Grave Robber (level 5, -4/43 HPs)
             Began as a Deep Dwarf Necromancer on Oct 28, 2017.
             Was an Initiate of Gozag.
             Killed by nerve-wracking pain
             ... invoked by letownia2's ghost
              (10 damage)
             ... on level 5 of the Dungeon.
             The game lasted 00:06:01 (1770 turns).

letownia2 the Grave Robber (Deep Dwarf Necromancer) Turns: 1770, Time: 00:06:01

Health: -4/43      AC:  5    Str: 11    XL:     5   Next: 98%
Magic:  9/9        EV: 11    Int: 17    God:    Gozag
Gold:   57         SH:  0    Dex: 17    Spells: 6/10 levels left

rFire    . . .     SeeInvis .   a - +0 dagger
rCold    . . .     Gourm    .   (no shield)
rNeg     . . .     Faith    .   g - +0 ring mail
rPois    .         Spirit   .   (no helmet)
rElec    .         Reflect  .   (no cloak)
rCorr    .         Harm     .   (no gloves)
MR       .....                  (no boots)
Stlth    ++........             (no amulet)
Regen    0.0/turn               l - +4 ring of dexterity
MPRegen  0.2/turn               (no ring)

@: flying, non-regenerating
A: damage resistance, heal wounds, sense surroundings 1, no regeneration
a: Heal Wounds, Potion Petition, Call Merchant, Bribe Branch, Renounce Religion


You were on level 5 of the Dungeon.
You worshipped Gozag.
Gozag was noncommittal.
You were not hungry.

You visited 2 branches of the dungeon, and saw 6 of its levels.

You collected 163 gold pieces.
You paid 106 gold pieces to Gozag.

Inventory:

Hand Weapons
 a - a +0 dagger (weapon)
 e - a +0 hunting sling
Missiles
 k - 5 javelins (quivered)
 y - 10 poisoned needles
Armour
 d - a +0 robe
 g - a +0 ring mail (worn)
 s - a +0 scale mail
Jewellery
 l - a +4 ring of dexterity (left hand)
Scrolls
 f - a scroll of random uselessness {unknown}
 j - a scroll of magic mapping {unknown}
 o - 4 scrolls of identify {unknown}
 p - a scroll of teleportation {unknown}
 q - a scroll of fear {unknown}
 r - a scroll of amnesia {unknown}
 w - a scroll of blinking {unknown}
 x - a scroll of recharging {unknown}
Potions
 m - a potion of heal wounds {unknown}
 n - a potion of might {unknown}
 u - a potion of agility {unknown}
 v - a potion of invisibility {unknown}
Books
 b - a book of Necromancy

   Spells                             Type                      Level
   a - Pain                           Necromancy                   1
   b - Animate Skeleton               Necromancy                   1
   c - Vampiric Draining              Necromancy                   3
   d - Regeneration                   Charms/Necromancy            3
   e - Animate Dead                   Necromancy                   4
   f - Control Undead                 Necromancy                   4
Comestibles
 c - 3 bread rations
 i - 2 fruits
 t - 2 meat rations


   Skills:
 - Level 0.3 Fighting
 - Level 0.9 Armour
 - Level 2.1 Dodging
 - Level 2.4 Stealth
 + Level 3.1 Spellcasting
 - Level 7.0 Necromancy


You had 6 spell levels left.
You knew the following spells:

 Your Spells              Type           Power        Failure   Level  Hunger
a - Pain                  Necr           ####         2%          1    None
v - Vampiric Draining     Necr           ####......   7%          3    ###....


Dungeon Overview and Level Annotations

Branches:
Dungeon (5/15)             Temple (1/1) D:5

Altars:
Cheibriados
Dithmenos
Elyvilon
Fedhas
Gozag
Hepliaklqana
Makhleb
Qazlal
Ru
Sif Muna
Uskayaw
Vehumet
Xom
Zin
The Shining One

Portals:
Ossuary: D:5

Annotations:
D:5 letownia2's ghost, amateur DDNe


Innate Abilities, Weirdness & Mutations

You are resistant to damage.
You can heal yourself by infusing magical energy.
You passively map a small area around you.
You do not regenerate.


Message History

You shout for attention!
Found 5 gold pieces and a scroll labeled QYCWOS AKHA.
Found 13 gold pieces.
Found 9 gold pieces.
Okay, then.
Unknown command.
Unknown command.
You eat one of the 4 fruits.
That lime was rather sour... but delicious nonetheless!
You eat one of the 3 fruits.
Mmm - a full handful of bilberries!
It was a potion of flight.
You feel very buoyant.
You fly up into the air.
You hear the brisk hiss of an avalanche of sand nearby.
Letownia2's ghost (amateur Deep Dwarf Necromancer) comes into view.
It is wielding a vorpal weapon.
Letownia2's ghost turns its malevolent gaze towards you.
Letownia2's ghost casts a spell at you. Pain shoots through your body!
You die...
Your body crumbles into a pile of gold.

#.................#
#..................
#...........##....#
#####.#............
#######.#...........#
##..........#.........
#...........#####.....
#......W..............
#..##@##....###......#
#..#...#....##........
##.#.∩.#....##........
#.#...#..#.##........
#.#####..#.###.......
#........#.###.......
####.###.#.##........
#.###............#
#........>.......#


You could see letownia2's ghost.

Vanquished Creatures
  A hound (D:4)
  A jelly (D:5)
  A bullfrog skeleton (D:5)
  A centaur skeleton (D:5)
  An orc wizard (D:4)
  2 worker ants (D:4)
  5 adders
  A worm (D:4)
  A dart slug (D:4)
  A leopard gecko (D:4)
  3 orcs (D:4)
  A goblin (D:2)
  3 jackals (D:4)
  2 quokkas (D:4)
  A ball python (D:4)
  A frilled lizard (D:4)
  A jackal skeleton (D:5)
  A quokka skeleton (D:4)
  A rat (D:1)
29 creatures vanquished.

Notes
Turn   | Place    | Note
-------+----------+-------------------------------------------
     0 | D:1      | letownia2 the Deep Dwarf Necromancer began the quest for the Orb.
     0 | D:1      | Reached XP level 1. HP: 15/15 MP: 3/3
   337 | D:4      | Noticed a hound
   351 | D:4      | Killed a hound
   351 | D:4      | Reached skill level 5 in Necromancy
   351 | D:4      | Reached XP level 2. HP: 17/22 MP: 0/5
   351 | D:4      | Reached XP level 3. HP: 22/28 MP: 0/6
   443 | D:4      | Learned a level 3 spell: Vampiric Draining
   514 | D:4      | Reached XP level 4. HP: 31/36 MP: 1/7
   967 | D:4      | Reached skill level 6 in Necromancy
  1029 | D:4      | Found a deep blue altar of Sif Muna.
  1313 | D:4      | Reached XP level 5. HP: 37/42 MP: 1/8
  1358 | D:5      | Entered Level 5 of the Dungeon
  1376 | D:5      | Found a staircase to the Ecumenical Temple.
  1385 | Temple   | Entered the Ecumenical Temple
  1465 | Temple   | Reached skill level 7 in Necromancy
  1486 | Temple   | Became a worshipper of Gozag Ym Sagoz the Greedy
  1572 | D:5      | Found a sand-covered staircase.
  1765 | D:5      | Noticed letownia2's ghost (amateur DDNe)
  1770 | D:5      | Killed from afar by letownia2's ghost

Skill      XL: |  1  2  3  4  5 |
---------------+----------------+-----
Spellcasting   | 2 3 |  3.1
Necromancy     | 5 6 7 |  7.0
Fighting       | |  0.3
Armour         | |  0.9
Dodging        | |  2.1
Stealth        | |  2.4

Action                   |  1- 3 |  4- 6 || total
-------------------------+-------+-------++-------
Melee: Dagger            |    11 |    55 ||    66
Throw: Javelin           |     6 |     3 ||     9
 Cast: Pain              |    13 |    43 ||    56
       Vampiric Draining |     1 |     4 ||     5
  Use: Potion            |       |     1 ||     1
  Eat: Chunk             |       |     3 ||     3
       Fruit             |       |     2 ||     2
Armor: Ring mail         |     8 |    18 ||    26
       Robe              |     1 |       ||     1
Dodge: Dodged            |    13 |    53 ||    66
